[Event "Charlotte Fall-GM 2019"]
[Site "Charlotte"]
[Date "2019.11.28"]
[Round "1.3"]
[White "Wang, Kevin"]
[Black "Ringoir, Tanguy"]
[Result "0-1"]
[ECO "D94"]
[WhiteElo "2416"]
[BlackElo "2501"]
[Annotator "RC"]
[PlyCount "56"]
[EventDate "2019.11.28"]
[EventType "tourn"]
[EventCountry "USA"]
[SourceTitle "playchess.com"]
[Source "ChessBase"]
[SourceQuality "1"]
[TimeControl "5400+30"]

1. c4 g6 2. Nc3 c5 3. Nf3 Bg7 4. e3 Nf6 5. Be2 O-O 6. O-O d5 7. d4 cxd4 8. exd4 Nc6 9. h3 dxc4 10. Bxc4 b6 11. a3 Bb7 12. Re1 Rc8 13. Ba2 e6 14. Bg5 h6 15. Bh4 Ne7 16. Bg3 Nf5 17. Be5 Bxf3 18. Qxf3 Nxd4 19. Qb7 Nd7 20. Bxd4 Bxd4 21. Qxa7 Nc5 22. Nb5 Bxf2+ 23. Kxf2 Nd3+ 24. Kg1 Nxe1 25. Rxe1 Qd2 26. Rb1 Rc1+ 27. Rxc1 Qxc1+ 28. Kh2 Qf4+ 0-1

[Event "Charlotte Fall-GM 2019"]
[Site "Charlotte"]
[Date "2019.11.28"]
[Round "2.3"]
[White "Paragua, Mark"]
[Black "Grinberg, Eyal"]
[Result "1-0"]
[ECO "A11"]
[WhiteElo "2496"]
[BlackElo "2472"]
[Annotator "ChessBase"]
[PlyCount "119"]
[EventDate "2019.11.28"]
[EventType "tourn"]
[EventCountry "USA"]
[SourceTitle "playchess.com"]
[Source "ChessBase"]
[SourceQuality "1"]
[TimeControl "5400+30"]

1. c4 c6 2. Nf3 d5 3. g3 Nf6 4. Bg2 Bg4 5. Ne5 Be6 6. cxd5 Bxd5 7. Nf3 c5 8. Nc3 Bc6 9. O-O e6 10. Re1 Nbd7 11. e4 e5 12. d3 Bd6 13. Nh4 Nf8 14. Nf5 Ne6 15. Nd5 Bf8 16. f4 exf4 17. Bxf4 Qd7 18. Bd6 Ng8 19. e5 Bxd5 20. Bxd5 Nh6 21. Bxe6 fxe6 22. Nxh6 gxh6 23. Qg4 O-O-O 24. Rac1 Bxd6 25. exd6 Qxd6 26. Re4 Qd7 27. Rxe6 Kb8 28. Rxc5 Ka8 29. Qe4 Rhe8 30. Rd5 Qc8 31. Rxd8 Rxd8 32. Qc4 Qd7 33. Rxh6 a6 34. Qe4 Qb5 35. a4 Qc5+ 36. Kg2 Ka7 37. Rxh7 Qc2+ 38. Kh3 Qxb2 39. g4 Qb3 40. Kh4 Ka8 41. g5 Qb2 42. Kg3 Qb1 43. Kh4 Qb2 44. Kh3 Qb1 45. Rd7 Qf1+ 46. Kg4 Qg1+ 47. Kf5 Qc5+ 48. Kf6 Qf8+ 49. Rf7 Qh8+ 50. Kf5 Qh3+ 51. Kg6 Qc8 52. h4 Rg8+ 53. Kh5 Rh8+ 54. Rh7 Re8 55. Qc4 Qh3 56. Qd5 Qc8 57. g6 Rd8 58. Qxb7+ Qxb7 59. Rxb7 Kxb7 60. g7 1-0

[Event "Charlotte Fall-GM 2019"]
[Site "Charlotte"]
[Date "2019.11.29"]
[Round "3.2"]
[White "Wang, Kevin"]
[Black "Nakar, Eylon"]
[Result "1/2-1/2"]
[ECO "E06"]
[WhiteElo "2416"]
[BlackElo "2433"]
[Annotator "RC"]
[PlyCount "59"]
[EventDate "2019.11.28"]
[EventType "tourn"]
[EventCountry "USA"]
[SourceTitle "playchess.com"]
[Source "ChessBase"]
[SourceQuality "1"]
[TimeControl "5400+30"]

1. d4 Nf6 2. c4 e6 3. Nf3 d5 4. Nc3 Be7 5. g3 O-O 6. Bg2 dxc4 7. Ne5 c5 8. dxc5 Qxd1+ 9. Nxd1 Bxc5 10. Ne3 Nbd7 11. N3xc4 Nxe5 12. Nxe5 Bb4+ 13. Bd2 Bxd2+ 14. Kxd2 Rd8+ 15. Kc2 Kf8 16. Rhd1 Rxd1 17. Rxd1 Ke7 18. a4 Rb8 19. b4 Bd7 20. Kb3 Be8 21. b5 Nd7 22. Nd3 b6 23. Rc1 Kd8 24. Kb4 Rc8 25. Rxc8+ Kxc8 26. a5 f6 27. a6 Ne5 28. Bb7+ Kc7 29. Nf4 Kd6 30. f3 1/2-1/2

[Event "Charlotte Fall-GM 2019"]
[Site "Charlotte"]
[Date "2019.11.29"]
[Round "3.4"]
[White "Yu, Jennifer"]
[Black "Paragua, Mark"]
[Result "1-0"]
[ECO "E94"]
[WhiteElo "2278"]
[BlackElo "2496"]
[Annotator "RC"]
[PlyCount "81"]
[EventDate "2019.11.28"]
[EventType "tourn"]
[EventCountry "USA"]
[SourceTitle "playchess.com"]
[Source "ChessBase"]
[SourceQuality "1"]
[TimeControl "5400+30"]

1. d4 Nf6 2. c4 g6 3. Nc3 Bg7 4. e4 d6 5. Nf3 O-O 6. Be2 e5 7. O-O Na6 8. a3 c6 9. d5 Bd7 10. b4 cxd5 11. cxd5 Rc8 12. Qb3 Nh5 13. Bg5 f6 14. Bd2 f5 15. Rac1 Nf4 16. Bxf4 exf4 17. exf5 g5 18. Ne4 h6 19. Nxd6 Rxc1 20. Rxc1 Qe7 21. Bxa6 bxa6 22. Nb7 Bxf5 23. d6+ Qf7 24. Qxf7+ Rxf7 25. Nc5 Rf8 26. Rd1 Rd8 27. Rd5 Bd7 28. Ne5 Bxe5 29. Rxe5 Bc6 30. Re6 Bd5 31. Rxh6 Kg7 32. Re6 Kf7 33. Re7+ Kf6 34. Nd7+ Kg6 35. f3 Ba2 36. Ne5+ Kf6 37. Ng4+ Kf5 38. d7 Be6 39. Re8 Rxd7 40. Rf8+ Bf7 41. Rxf7+ 1-0

[Event "Charlotte Fall-GM 2019"]
[Site "Charlotte"]
[Date "2019.11.29"]
[Round "3.5"]
[White "Reshef, Omer"]
[Black "Berczes, David"]
[Result "1/2-1/2"]
[ECO "C48"]
[WhiteElo "2461"]
[BlackElo "2452"]
[Annotator "RC"]
[PlyCount "130"]
[EventDate "2019.11.28"]
[EventType "tourn"]
[EventCountry "USA"]
[SourceTitle "playchess.com"]
[Source "ChessBase"]
[SourceQuality "1"]
[TimeControl "5400+30"]

1. e4 e5 2. Nf3 Nc6 3. Nc3 Nf6 4. Bb5 Bc5 5. Nxe5 Nxe5 6. d4 Bd6 7. f4 Neg4 8. e5 Bb4 9. exf6 Nxf6 10. O-O O-O 11. Qf3 c6 12. Bd3 Qb6 13. Ne2 d5 14. c3 Bg4 15. Qf2 Bxe2 16. Qxe2 Bd6 17. Qf3 c5 18. dxc5 Bxc5+ 19. Kh1 Rfe8 20. b4 Be3 21. Re1 Bxc1 22. Raxc1 g6 23. h3 Rxe1+ 24. Rxe1 Rc8 25. Bb1 Qc7 26. Rc1 Nh5 27. g3 Qc4 28. Kg2 Re8 29. Rf1 d4 30. cxd4 Qxd4 31. Qd3 Rd8 32. Qxd4 Rxd4 33. a3 Nf6 34. Kf3 Nd5 35. Rc1 a5 36. bxa5 Ra4 37. Rc5 Rxa3+ 38. Kf2 Nc3 39. Bc2 Kg7 40. Ke1 Na2 41. Rb5 Rxg3 42. Rxb7 Ra3 43. Rb5 Rxh3 44. Rb3 Rxb3 45. Bxb3 Nb4 46. Kd2 Kf6 47. Kc3 Nc6 48. a6 Ke7 49. Bd5 Kd6 50. Bxf7 Kc7 51. Kc4 Kb6 52. Kd5 Ne7+ 53. Ke6 Nf5 54. Bg8 h5 55. Kf6 h4 56. Bd5 h3 57. Bf3 Kxa6 58. Be4 Ng3 59. Bf3 Nf5 60. Bh1 Ng3 61. Bf3 Nh5+ 62. Kxg6 Nxf4+ 63. Kf5 Ng2 64. Kg4 h2 65. Bxg2 h1=B 1/2-1/2

[Event "Charlotte Fall-GM 2019"]
[Site "Charlotte"]
[Date "2019.11.29"]
[Round "4.1"]
[White "Korley, Kassa"]
[Black "Grinberg, Eyal"]
[Result "*"]
[ECO "D10"]
[WhiteElo "2447"]
[BlackElo "2472"]
[Annotator "ChessBase"]
[PlyCount "49"]
[EventDate "2019.11.28"]
[EventType "tourn"]
[EventCountry "USA"]
[SourceTitle "playchess.com"]
[Source "ChessBase"]
[SourceQuality "1"]
[TimeControl "5400+30"]

1. d4 d5 2. c4 c6 3. Nc3 Nf6 4. cxd5 cxd5 5. Bf4 Nc6 6. e3 Bg4 7. f3 Bd7 8. g4 e6 9. Bd3 Bb4 10. Nge2 h6 11. Kf2 a6 12. h4 Qe7 13. Ng3 Bd6 14. Bxd6 Qxd6 15. g5 Ng8 16. f4 Nge7 17. Qd2 O-O-O 18. b4 hxg5 19. hxg5 Nxb4 20. Be2 f6 21. gxf6 gxf6 22. Rab1 Rxh1 23. Rf1 Rg1 24. Rxg1 e5 25. Rh1 *

[Event "Charlotte Fall-GM 2019"]
[Site "Charlotte"]
[Date "2019.11.29"]
[Round "4.2"]
[White "Paragua, Mark"]
[Black "Reshef, Omer"]
[Result "0-1"]
[ECO "A34"]
[WhiteElo "2496"]
[BlackElo "2461"]
[Annotator "RC"]
[PlyCount "94"]
[EventDate "2019.11.28"]
[EventType "tourn"]
[EventCountry "USA"]
[SourceTitle "playchess.com"]
[Source "ChessBase"]
[SourceQuality "1"]
[TimeControl "5400+30"]

1. Nf3 c5 2. c4 Nc6 3. Nc3 e5 4. e3 Nf6 5. a3 Be7 6. d4 cxd4 7. exd4 exd4 8. Nxd4 d5 9. Nxc6 bxc6 10. cxd5 cxd5 11. Be3 O-O 12. Be2 Be6 13. O-O Ne4 14. Nb5 Bf6 15. Nd4 Qb8 16. Rb1 Bd7 17. Bg4 Bxg4 18. Qxg4 Rc8 19. Rbc1 g6 20. b4 h5 21. Qd7 Nc3 22. Kh1 Rc4 23. Nb3 Qe5 24. Rfe1 Re8 25. f3 Re7 26. Qd8+ Kh7 27. Nd2 Rcc7 28. Bg1 Qg5 29. Rxe7 Rxe7 30. f4 Qxf4 31. Rf1 Qe5 32. Bc5 Re6 33. Qf8 Bg7 34. Qxf7 Ne4 35. Nxe4 dxe4 36. Bd4 Qxd4 37. Qxe6 Qd3 38. Re1 Qxa3 39. Qxe4 Qa4 40. Qb7 a5 41. b5 Qb4 42. Rc1 a4 43. b6 a3 44. Qc7 a2 45. b7 Qa3 46. Ra1 Qb2 47. Qc1 Qxa1 0-1

[Event "Charlotte Fall-GM 2019"]
[Site "Charlotte"]
[Date "2019.11.29"]
[Round "4.4"]
[White "Nakar, Eylon"]
[Black "Berczes, David"]
[Result "1/2-1/2"]
[ECO "C82"]
[WhiteElo "2433"]
[BlackElo "2452"]
[Annotator "ChessBase"]
[PlyCount "39"]
[EventDate "2019.11.28"]
[EventType "tourn"]
[EventCountry "USA"]
[SourceTitle "playchess.com"]
[Source "ChessBase"]
[SourceQuality "1"]
[TimeControl "5400+30"]

1. e4 e5 2. Nf3 Nc6 3. Bb5 a6 4. Ba4 Nf6 5. O-O Nxe4 6. d4 b5 7. Bb3 d5 8. dxe5 Be6 9. c3 Bc5 10. Qd3 O-O 11. Be3 Re8 12. Nbd2 Bxe3 13. Qxe3 Nxd2 14. Qxd2 Na5 15. Rad1 Nc4 16. Bxc4 bxc4 17. Nd4 c5 18. Nxe6 fxe6 19. f4 g6 20. g4 1/2-1/2

[Event "Charlotte Fall-GM 2019"]
[Site "Charlotte"]
[Date "2019.11.29"]
[Round "4.5"]
[White "Wang, Kevin"]
[Black "Jacobson, Brandon"]
[Result "1/2-1/2"]
[ECO "D30"]
[WhiteElo "2416"]
[BlackElo "2452"]
[Annotator "ChessBase"]
[PlyCount "55"]
[EventDate "2019.11.28"]
[EventType "tourn"]
[EventCountry "USA"]
[SourceTitle "playchess.com"]
[Source "ChessBase"]
[SourceQuality "1"]
[TimeControl "5400+30"]

1. d4 d5 2. c4 e6 3. Nf3 a6 4. c5 b6 5. cxb6 cxb6 6. Bf4 Bb7 7. e3 Nf6 8. Nc3 Bd6 9. Bd3 O-O 10. O-O Nc6 11. Rc1 h6 12. a3 Re8 13. h3 Qb8 14. Bxd6 Qxd6 15. b4 Rac8 16. b5 axb5 17. Nxb5 Qe7 18. Qb3 Red8 19. Qb2 Nd7 20. Rfd1 Qf8 21. Ne5 Ncxe5 22. dxe5 Rxc1 23. Rxc1 Ba6 24. Rc7 Nc5 25. Bf1 Rc8 26. Rxc8 Qxc8 27. Nd6 Qc6 28. Bxa6 1/2-1/2

[Event "Charlotte Fall-GM 2019"]
[Site "Charlotte"]
[Date "2019.11.30"]
[Round "5.1"]
[White "Yu, Jennifer"]
[Black "Korley, Kassa"]
[Result "1-0"]
[ECO "E20"]
[WhiteElo "2278"]
[BlackElo "2447"]
[Annotator "RC"]
[PlyCount "107"]
[EventDate "2019.11.28"]
[EventType "tourn"]
[EventCountry "USA"]
[SourceTitle "playchess.com"]
[Source "ChessBase"]
[SourceQuality "1"]
[TimeControl "5400+30"]

1. d4 Nf6 2. c4 e6 3. Nc3 Bb4 4. g3 O-O 5. Bg2 d5 6. Nf3 c5 7. O-O dxc4 8. dxc5 Nc6 9. Qa4 Qa5 10. Qxa5 Nxa5 11. Ne5 Nd7 12. Nxd7 Bxd7 13. Rd1 Bc6 14. Bxc6 Nxc6 15. Na4 Rfd8 16. Be3 Rd5 17. a3 Ba5 18. Rxd5 exd5 19. Rd1 Rd8 20. Bd4 f6 21. f4 Kf7 22. Kf2 h5 23. h3 g5 24. Kf3 gxf4 25. gxf4 Ke6 26. e3 Rg8 27. Bc3 Bxc3 28. Nxc3 Ne7 29. e4 dxe4+ 30. Nxe4 Nf5 31. Nd6 Rg3+ 32. Kf2 Rxh3 33. Re1+ Kd5 34. Nxf5 Rh2+ 35. Kf3 Rxb2 36. Ne3+ Kxc5 37. Rh1 c3 38. Rxh5+ Kc6 39. Rh8 Kd7 40. Ke4 c2 41. Rh1 Ra2 42. Rc1 Rxa3 43. Rxc2 b5 44. Nd5 Kd6 45. Nxf6 b4 46. Rd2+ Kc5 47. f5 b3 48. Nd7+ Kb5 49. f6 Ra2 50. Ke3 b2 51. Rxb2+ Rxb2 52. f7 Rb3+ 53. Ke4 Rb4+ 54. Ke5 1-0

[Event "Charlotte Fall-GM 2019"]
[Site "Charlotte"]
[Date "2019.11.30"]
[Round "5.5"]
[White "Berczes, David"]
[Black "Paragua, Mark"]
[Result "0-1"]
[ECO "E07"]
[WhiteElo "2452"]
[BlackElo "2496"]
[Annotator "RC"]
[PlyCount "74"]
[EventDate "2019.11.28"]
[EventType "tourn"]
[EventCountry "USA"]
[SourceTitle "playchess.com"]
[Source "ChessBase"]
[SourceQuality "1"]
[TimeControl "5400+30"]

1. Nf3 d5 2. d4 Nf6 3. c4 e6 4. g3 Bb4+ 5. Bd2 Be7 6. Bg2 O-O 7. O-O c6 8. Bf4 Nbd7 9. Nc3 dxc4 10. e4 Re8 11. a4 Bb4 12. Qe2 Bxc3 13. bxc3 b5 14. e5 Nd5 15. Ng5 Qe7 16. Ne4 a5 17. axb5 cxb5 18. Bg5 Qf8 19. Nd6 N7b6 20. Nxb5 Bd7 21. Nd6 Reb8 22. Rfc1 a4 23. h4 a3 24. Ne4 Bc6 25. Nc5 h6 26. Bd2 Na4 27. Ne4 Rb2 28. Qg4 Kh8 29. Qh5 a2 30. Rd1 Rab8 31. Nd6 Rb1 32. Be4 Rxd1+ 33. Rxd1 Kg8 34. Kh2 Naxc3 35. Ra1 Nxe4 36. Nxe4 Rb2 37. Qg4 Kh8 0-1

[Event "Charlotte Fall-GM 2019"]
[Site "Charlotte"]
[Date "2019.11.30"]
[Round "6.2"]
[White "Ringoir, Tanguy"]
[Black "Berczes, David"]
[Result "1/2-1/2"]
[ECO "E36"]
[WhiteElo "2501"]
[BlackElo "2452"]
[Annotator "ChessBase"]
[PlyCount "37"]
[EventDate "2019.11.28"]
[EventType "tourn"]
[EventCountry "USA"]
[SourceTitle "playchess.com"]
[Source "ChessBase"]
[SourceQuality "1"]
[TimeControl "5400+30"]

1. d4 Nf6 2. c4 e6 3. Nc3 Bb4 4. Qc2 O-O 5. a3 Bxc3+ 6. Qxc3 d5 7. Nf3 dxc4 8. Qxc4 b6 9. Bg5 Ba6 10. Qa4 c5 11. dxc5 bxc5 12. Rd1 Qb6 13. Bxf6 gxf6 14. Rd2 Nc6 15. Qg4+ Kh8 16. Qh4 Kg7 17. Qg4+ Kh8 18. Qh4 Kg7 19. Qg4+ 1/2-1/2

[Event "Charlotte Fall-GM 2019"]
[Site "Charlotte"]
[Date "2019.11.30"]
[Round "6.5"]
[White "Jacobson, Brandon"]
[Black "Grinberg, Eyal"]
[Result "0-1"]
[ECO "B94"]
[WhiteElo "2452"]
[BlackElo "2472"]
[Annotator "RC"]
[PlyCount "62"]
[EventDate "2019.11.28"]
[EventType "tourn"]
[EventCountry "USA"]
[SourceTitle "playchess.com"]
[Source "ChessBase"]
[SourceQuality "1"]
[TimeControl "5400+30"]

1. e4 c5 2. Nf3 d6 3. d4 cxd4 4. Nxd4 Nf6 5. Nc3 a6 6. Bg5 Nbd7 7. Bc4 Qb6 8. Bb3 e6 9. Qd2 Be7 10. O-O-O Nc5 11. f3 Qc7 12. g4 b5 13. a3 Bb7 14. Kb1 O-O-O 15. Be3 Kb8 16. Ba2 Nfd7 17. b4 Nb6 18. Ndxb5 axb5 19. Nxb5 Qc6 20. Nd4 Qa4 21. Qc3 Ncd7 22. Bb3 Rc8 23. Qa1 Qa6 24. b5 Qa5 25. Bd2 Qa7 26. a4 Nc4 27. a5 Nxd2+ 28. Rxd2 Bg5 29. Rdd1 Bf6 30. b6 Qa6 31. Qa4 Nxb6 0-1

[Event "Charlotte Fall-GM 2019"]
[Site "Charlotte"]
[Date "2019.12.01"]
[Round "7.3"]
[White "Reshef, Omer"]
[Black "Wang, Kevin"]
[Result "1/2-1/2"]
[ECO "B50"]
[WhiteElo "2461"]
[BlackElo "2416"]
[Annotator "RC"]
[PlyCount "84"]
[EventDate "2019.11.28"]
[EventType "tourn"]
[EventCountry "USA"]
[SourceTitle "playchess.com"]
[Source "ChessBase"]
[SourceQuality "1"]
[TimeControl "5400+30"]

1. e4 c5 2. Nf3 d6 3. c3 Nf6 4. Bd3 Nc6 5. Bc2 Bg4 6. d3 e6 7. Nbd2 Be7 8. h3 Bh5 9. Nf1 h6 10. Ng3 Bg6 11. O-O O-O 12. Nh2 d5 13. f4 c4 14. e5 cxd3 15. Bxd3 Ne4 16. Nxe4 dxe4 17. Be2 Bc5+ 18. Kh1 Ne7 19. Qe1 Qd7 20. g4 Rfd8 21. Qg3 e3 22. Bxe3 Bxe3 23. Qxe3 Qd2 24. Qxd2 Rxd2 25. Bf3 Rxb2 26. Rfd1 Bc2 27. Rd2 Rc8 28. Re1 Nd5 29. Bxd5 exd5 30. Nf3 Rxc3 31. Kg2 Rb4 32. Rc1 Rxf4 33. Rcxc2 Rfxf3 34. Rxc3 Rxc3 35. Rxd5 Kf8 36. Rd7 Rc2+ 37. Kf3 Rxa2 38. Rxb7 Ra3+ 39. Ke4 a5 40. Rb8+ Ke7 41. Rb7+ Ke8 42. Rb8+ Ke7 1/2-1/2

[Event "Charlotte Fall-GM 2019"]
[Site "Charlotte"]
[Date "2019.12.01"]
[Round "9.3"]
[White "Berczes, David"]
[Black "Jacobson, Brandon"]
[Result "1/2-1/2"]
[ECO "D39"]
[WhiteElo "2452"]
[BlackElo "2452"]
[Annotator "ChessBase"]
[PlyCount "51"]
[EventDate "2019.11.28"]
[EventType "tourn"]
[EventCountry "USA"]
[SourceTitle "playchess.com"]
[Source "ChessBase"]
[SourceQuality "1"]
[TimeControl "5400+30"]

1. d4 Nf6 2. c4 e6 3. Nf3 d5 4. Nc3 dxc4 5. e4 Bb4 6. Bg5 c5 7. Bxc4 cxd4 8. Nxd4 Bxc3+ 9. bxc3 Qa5 10. Bxf6 Qxc3+ 11. Kf1 gxf6 12. Rc1 Qa5 13. Bb5+ Ke7 14. e5 fxe5 15. Qh5 Nd7 16. Qg5+ Kf8 17. Rxc8+ Rxc8 18. Bxd7 Qd8 19. Nxe6+ fxe6 20. Qh6+ Kf7 21. Qxe6+ Kg7 22. Qg4+ Kh6 23. Qh3+ Kg7 24. Qg4+ Kh6 25. Qh3+ Kg7 26. Qg4+ 1/2-1/2

[Event "Charlotte Fall-GM 2019"]
[Site "Charlotte"]
[Date "2019.12.02"]
[Round "9.5"]
[White "Yu, Jennifer"]
[Black "Nakar, Eylon"]
[Result "0-1"]
[ECO "A29"]
[WhiteElo "2278"]
[BlackElo "2433"]
[Annotator "RC"]
[PlyCount "87"]
[EventDate "2019.11.28"]
[EventType "tourn"]
[EventCountry "USA"]
[SourceTitle "playchess.com"]
[Source "ChessBase"]
[SourceQuality "1"]
[TimeControl "5400+30"]

1. c4 Nf6 2. Nc3 e5 3. Nf3 Nc6 4. g3 d5 5. cxd5 Nxd5 6. Bg2 Nb6 7. O-O Be7 8. d3 O-O 9. a3 Be6 10. b4 a5 11. b5 Nd4 12. Rb1 f6 13. Nd2 Qc8 14. e3 Nf5 15. Qc2 Rd8 16. Rd1 Nd6 17. a4 Bg4 18. Re1 Bh3 19. Bh1 Nf7 20. Nc4 Nxc4 21. dxc4 c6 22. Bb2 Qe6 23. Qe2 Bg4 24. f3 Bf5 25. Rbd1 Bc5 26. Ne4 Bxe4 27. fxe4 Bb4 28. Rf1 Rxd1 29. Rxd1 Rd8 30. Rxd8+ Nxd8 31. Bf3 Qd6 32. Bg4 g6 33. Bc1 Kg7 34. h4 Nf7 35. Kg2 Kf8 36. Qf1 Ke7 37. Be2 Nd8 38. h5 Nf7 39. hxg6 hxg6 40. Qh1 Bd2 41. c5 Qd7 42. Kf2 Ng5 43. bxc6 bxc6 44. Bxd2 0-1